 Dungeon Crawl Stone Soup version 0.31-a0-934-gf4fcaacff8 (webtiles) character file.

Game seed: 15831379046590675131

54 BinkBink the Gusty (level 3, -1/24 HPs)
             Began as a Demonspawn Air Elementalist on Oct 20, 2023.
             Slain by an adder (3 damage)
             ... on level 1 of the Dungeon.
             The game lasted 00:06:00 (2288 turns).

BinkBink the Gusty (Demonspawn Air Elementalist)    Turns: 2288, Time: 00:06:00

Health: -1/24      AC:  3    Str:  8    XL:     3   Next: 66%
Magic:  3/7        EV: 12    Int: 18    God:
Gold:   94         SH:  0    Dex: 15    Spells: 6/7 levels left

rFire   . . .        (no weapon)
rCold   . . .        (no shield)
rNeg    . . .        a - +0 robe
rPois   .            (helmet restricted)
rElec   .            (no cloak)
rCorr   .            c - +0 pair of gloves
SInv    .            (no boots)
Will    .....        (no amulet)
Stlth   +++          (no ring)
HPRegen 0.24/turn    (no ring)
MPRegen 0.10/turn

%: no passive effects
@: lethally poisoned (-1 -> -9)
A: horns 1, thin skeletal structure 1
a: no special abilities


You were on level 1 of the Dungeon.
You visited 1 branch of the dungeon, and saw 2 of its levels.

You collected 94 gold pieces.

Inventory:

Armour
 a - a +0 robe (worn)
 c - a +0 pair of gloves (worn)
Jewellery
 g - a ring of protection from fire
Scrolls
 d - a scroll of teleportation {unknown}
Potions
 b - 2 potions of magic


   Skills:
 - Level 1.7 Dodging
 - Level 1.7 Stealth
 + Level 2.7 Spellcasting
 + Level 2.1 Conjurations
 + Level 3.2 Air Magic


You had 6 spell levels left.
You knew the following spells:

 Your Spells              Type           Power      Damage    Failure   Level
a - Shock                 Conj/Air       48%        1d6       5%          1

Your spell library contained the following spells:

 Spells                   Type           Power      Damage    Failure   Level
 Static Discharge         Conj/Air       24%        2-3/arc   9%          2
 Swiftness                Air            14%        N/A       13%         3
 Sublimation of Blood     Necr           2%         N/A       26%         2
 Wereblood                Tmut           2%         N/A       26%         2
 Airstrike                Air            7%         2d(1-17)  41%         4
 Summon Hydra             Summ           1%         N/A       100%        7


Dungeon Overview and Level Annotations

Branches:
Dungeon (2/15)

Altars:

Shops:
D:1 [

Annotations:
D:2 Robin


Innate Abilities, Weirdness & Mutations

You have a pair of small horns on your head.
You have a somewhat thin skeletal structure. (Dex +2, Stealth+)


Message History

The kobold hits you but does no damage. The adder barely misses you.
You feel sick. The adder attacks as it pursues you!
The adder bites you but does no damage.
You feel sick. The adder attacks as it pursues you! The adder bites you.
You feel sick.
You are no longer poisoned.
The adder barely misses you.
You are too injured to fight recklessly!
Aiming: Shock (safe; 5% risk of failure)
Press: ? - help, Q - select action Shift-Dir - straight line, f - kobold
Aim: a kobold, wielding a +0 dagger and quivering stones (60% to hit)
The zap hits the adder.
The adder is moderately wounded.
The zap hits the kobold.
The kobold is severely wounded.
The adder barely misses you.
Aiming: Shock (safe; 5% risk of failure)
Press: ? - help, Q - select action Shift-Dir - straight line, f/p - kobold
Aim: a kobold, wielding a +0 dagger and quivering stones (severely wounded, 60% to hit)
The zap misses the adder.
The zap misses the kobold.
The adder bites you.
You are poisoned.
The adder poisons you!
Aiming: Shock (safe; 5% risk of failure)
Press: ? - help, Q - select action Shift-Dir - straight line, f/p - kobold
Aim: a kobold, wielding a +0 dagger and quivering stones (severely wounded, 60% to hit)
The zap misses the adder.
The zap misses the kobold.
* * * LOW HITPOINT WARNING * * *
You feel sick. The adder bites you.
* * * LOW HITPOINT WARNING * * *
You are more poisoned.
The adder poisons you!
Okay, then.
Aiming: Shock (safe; 5% risk of failure)
Press: ? - help, Q - select action Shift-Dir - straight line, f/p - kobold
Aim: a kobold, wielding a +0 dagger and quivering stones (severely wounded, 60% to hit)
The zap misses the adder.
The zap misses the kobold.
* * * LOW HITPOINT WARNING * * *
You feel sick. The adder bites you.
You die...

#................
#.....######....(
####.## #.....
##...# #..... #..###
#..... ##.## ######
#..# ####8#### #.##
##.......# #@#
##.#######.
#S######.##.....##
#K...##.##.####..#
###..#.##.#.##...##.
#>...#.##.#.#.##.8#.
#......#8.#.#.#8.##.
#.#.##.##.#.#.##....
#.......#.#.##..###8
###.##.##.##.##...##


You could see an adder and a kobold.

Vanquished Creatures
  3 dart slugs (D:1)
  2 endoplasms (D:1)
  4 giant cockroaches
  3 hobgoblins
  10 jackals
  A quokka (D:1)
  4 ball pythons
  A bat (D:2)
  2 frilled lizards
  5 goblins
  4 kobolds (D:1)
  3 rats
42 creatures vanquished.

Notes
Turn   | Place    | Note
-------+----------+-------------------------------------------
     0 | D:1      | BinkBink the Demonspawn Air Elementalist began the quest
                  | for the Orb.
     0 | D:1      | Reached XP level 1. HP: 13/13 MP: 3/3
   200 | D:1      | You fall into a shaft and drop 1 floor!
   211 | D:1      | Found Paatiamo's Armour Emporium.
   404 | D:1      | Gained mutation: You have a somewhat thin skeletal
                  | structure. (Dex +2, Stealth+) [demonic ancestry]
   404 | D:1      | Reached XP level 2. HP: 19/19 MP: 3/5
   613 | D:1      | Reached skill level 3 in Air Magic
   957 | D:1      | Gained mutation: You have a pair of small horns on your
                  | head. [demonic ancestry]
   957 | D:1      | Reached XP level 3. HP: 24/24 MP: 1/6
  2277 | D:2      | Noticed Robin
  2288 | D:1      | Slain by an adder

Illustrated notes

Levels and vault maps discovered:
D:1:      nagdon_arrival_double_spiral, layout_basic, serial_shops, shop
D:2:      layout_rooms, eino_tiny_chamber, uniq_robin

Skill      XL: |  1  2  3 |
---------------+----------+-----
Air Magic      | 3 |  3.2
Conjurations   | 2 |  2.1
Dodging        | |  1.7
Stealth        | |  1.7
Spellcasting   | |  2.7

Action                     || total
---------------------------++-------
   Cast: Shock             ||   122
    Use: Potion            ||     2
         Scroll            ||     1
 Armour: Robe              ||    41
  Dodge: Dodged            ||    59

Table legend: (Time is in decaauts)
 A = Elapsed time spent in this place.
 B = Non-inter-level travel time spent in this place.
 C = Inter-level travel time spent in this place.
 D = Time resting spent in this place.
 E = Time spent auto-exploring this place.
 F = Levels seen in this place.
 G = Mean time per level.
                   A        B        C        D        E       F      G
               +--------+--------+--------+--------+--------+-----+--------+
         Total |   2289 |   2160 |    129 |    253 |   1336 |   2 | 1144.5 |
       Dungeon |   2289 |   2160 |    129 |    253 |   1336 |   2 | 1144.5 |
               +--------+--------+--------+--------+--------+-----+--------+

Top non-repeatable levels by time:
     D:1: 1696 daAuts
     D:2: 593 daAuts
